 Seeded DCSS version 0.30-a0-218-gedb9141078 (webtiles) character file.

Game seed: 20221005 (custom seed)

44 a11behringer the Covered (level 3, -4/24 HPs)
             Began as a Gargoyle Fighter on Oct 5, 2022.
             Slain by a hobgoblin (6 damage)
             ... led by Robin
             ... on level 2 of the Dungeon.
             The game lasted 00:02:29 (899 turns).

a11behringer the Covered (Gargoyle Fighter)          Turns: 899, Time: 00:02:29

Health: -4/24      AC: 10    Str: 21    XL:     3   Next: 62%
Magic:  0/3        EV:  9    Int:  8    God:
Gold:   26         SH:  4    Dex:  9    Spells: 2/2 levels left

rFire   . . .      SeeInvis .    a - +0 flail
rCold   . . .      Faith    .    c - +0 buckler
rNeg    + . .      Spirit   +    b - +0 scale mail
rPois   ∞          Reflect  .    (no helmet)
rElec   +          Harm     .    (no cloak)
rCorr   .          Rampage  .    (no gloves)
Will    .....                    (no boots)
Stlth   ..........               h - amulet of guardian spirit
HPRegen 0.24/turn                (no ring)
MPRegen 0.08/turn                (no ring)

@: mighty
A: sickness immunity, AC +3, negative energy resistance 1, electricity
resistance, torment resistance 1, petrification resistance
a: no special abilities


You were on level 2 of the Dungeon.
You visited 1 branch of the dungeon, and saw 2 of its levels.

You collected 26 gold pieces.

Inventory:

Hand Weapons
 a - a +0 flail (weapon)
Missiles
 l - 3 javelins (quivered)
Armour
 b - a +0 scale mail (worn)
 c - a +0 buckler (worn)
Jewellery
 h - an amulet of guardian spirit (around neck)
 o - an amulet of faith
 p - a +6 ring of strength
Scrolls
 e - 2 scrolls of teleportation {unknown}
 f - a scroll of enchant armour {unknown}
 g - 2 scrolls of identify {unknown}
 i - a scroll of noise {unknown}
 n - a scroll of amnesia {unknown}
Potions
 j - a potion of cancellation {unknown}
 k - a potion of curing {unknown}
 m - a potion of lignification {unknown}
 q - a potion of heal wounds {unknown}


   Skills:
 + Level 3.6 Fighting
 * Level 2.8 Maces & Flails
 + Level 3.6 Armour
 + Level 3.6 Shields


You had 2 spell levels left.
You didn't know any spells.
Your spell library was empty.

Dungeon Overview and Level Annotations

Branches:
Dungeon (2/15)

Altars:

Annotations:
D:2 Robin


Innate Abilities, Weirdness & Mutations

You are immune to sickness and miasma.
Your stone body is resilient. (AC +3)
You are immune to poison.
You resist negative energy. (rN+)
You are resistant to electric shocks. (rElec)
You are resistant to unholy torment.
You are immune to petrification.


Message History

The hobgoblin hits you but does no damage.
The goblin hits you but does no damage. The hobgoblin misses you.
The goblin closely misses you. You block the hobgoblin's attack.
You hit the goblin.
The goblin is heavily wounded.
The hobgoblin barely misses you. The goblin hits you but does no damage.
An endoplasm comes into view.
The hobgoblin hits you.
You closely miss the goblin.
The goblin is heavily wounded.
The endoplasm quivers.
The goblin hits you but does no damage.
The hobgoblin hits you but does no damage.
The hobgoblin barely misses you.
Robin says, "A pitiful Gargoyle like you will never find the ORB!"
You barely miss the goblin.
The goblin is heavily wounded.
The hobgoblin hits you. The goblin hits you but does no damage.
The hobgoblin hits you.
You completely miss the goblin.
The goblin is heavily wounded.
The hobgoblin barely misses you. The hobgoblin misses you.
The goblin hits you but does no damage. The hobgoblin hits you.
* * * LOW HITPOINT WARNING * * *
You block the hobgoblin's attack. The goblin hits you but does no damage.
You sock the goblin!
You kill the goblin!
You block the hobgoblin's attack.
The hobgoblin hits you but does no damage.
Robin throws the goblin at you!
You feel very mighty all of a sudden. The goblin hits you with a +0 dagger.
* * * LOW HITPOINT WARNING * * *
The hobgoblin hits you.
* * * LOW HITPOINT WARNING * * *
The hobgoblin hits you but does no damage.
You bludgeon the goblin!!
You kill the goblin!
The hobgoblin closely misses you. The hobgoblin hits you.
You die...

####......#.....####...
...#.................. #
............. .........
............ ##....#..#
..........#####.........
...<............##.## ..
....................# ..
##....#)#########...##..
#.... #@# ###..... ###.
#gg# #...## #


##ggg ####... ggg.. #...... gg....#....##### ........## #.....# .....# You could
see Robin, 5 hobgoblins and 4 goblins.

Vanquished Creatures
  A dart slug (D:1)
  An orc (D:2)
  4 ball pythons
  3 endoplasms (D:1)
  2 giant cockroaches
  4 goblins
  2 hobgoblins
  4 jackals (D:1)
  A quokka (D:1)
  4 bats
  5 frilled lizards (D:1)
  4 kobolds
  5 rats
40 creatures vanquished.

Notes
Turn   | Place    | Note
-------+----------+-------------------------------------------
     0 | D:1      | a11behringer the Gargoyle Fighter began the quest for the
                  | Orb.
     0 | D:1      | Reached XP level 1. HP: 14/14 MP: 1/1
   104 | D:1      | Reached XP level 2. HP: 13/19 MP: 2/2
   496 | D:1      | Reached XP level 3. HP: 23/23 MP: 3/3
   888 | D:2      | Noticed Robin
   898 | D:2      | HP: 1/24 [hobgoblin[Robin] (3)]
   899 | D:2      | Slain by a hobgoblin

Illustrated notes

Levels and vault maps discovered:
D:1:      sevenhm_arrival_forest_fort_small_1, layout_loops_cross
D:2:      layout_rooms, serial_shops, shop, nicolae_figureground_pulse,
          uniq_robin

Action                   || total
-------------------------++-------
Melee: Flail             ||   106
  Use: Potion            ||     1
Armor: Scale mail        ||    70
Dodge: Dodged            ||    67
Block: Buckler           ||    32

Table legend: (Time is in decaauts)
 A = Elapsed time spent in this place.
 B = Non-inter-level travel time spent in this place.
 C = Inter-level travel time spent in this place.
 D = Time resting spent in this place.
 E = Time spent auto-exploring this place.
 F = Levels seen in this place.
 G = Mean time per level.
                   A        B        C        D        E       F      G
               +--------+--------+--------+--------+--------+-----+--------+
         Total |    936 |    924 |     12 |      0 |    676 |   2 |  468.0 |
       Dungeon |    936 |    924 |     12 |      0 |    676 |   2 |  468.0 |
               +--------+--------+--------+--------+--------+-----+--------+

Top non-repeatable levels by time:
     D:1: 793 daAuts
     D:2: 142 daAuts
